 Dungeon Crawl Stone Soup version 0.29.1-13-g9f3cf754e1 (webtiles) character file.

Game seed: 600357859640122948

4038 hawla the Arsonist (level 10, -1/78 HPs)
             Began as a Meteoran Fire Elementalist on Jan 21, 2023.
             Was a Believer of Vehumet.
             Slain by a yak (15 damage)
             ... on level 9 of the Dungeon.
             The game lasted 00:11:29 (2392 turns).

hawla the Arsonist (Meteoran Fire Elementalist)     Turns: 2392, Time: 00:11:30

Health: -1/78      AC: -1    Str:  9    XL:     10   Next: 76%
Magic:  11/24      EV: 13    Int: 21    God:    Vehumet [**....]
Gold:   442        SH:  0    Dex: 12    Spells: 18/28 levels left

rFire   . . .      SeeInvis .   n - +10 halberd "Joaq Quu" {holy, rElec rPois rN+ Dex-4}
rCold   . . .      Faith    .   (shield currently unavailable)
rNeg    + . .      Spirit   .   a - +0 robe
rPois   +          Reflect  .   (no helmet)
rElec   +          Harm     .   (no cloak)
rCorr   .          Rampage  .   j - +0 pair of gloves
Will    +....                   (no boots)
Stlth   +.........              (no amulet)
HPRegen 0.23/turn               f - ring of wizardry
MPRegen 0.19/turn               (no ring)

@: corroded, glowing
A: sense surroundings 2, otherworldly, glowing, explore regen
a: Renounce Religion


You were on level 9 of the Dungeon.
You worshipped Vehumet.
Vehumet was pleased with you.
You visited 2 branches of the dungeon, and saw 10 of its levels.

You collected 442 gold pieces.

Inventory:

Hand Weapons
 n - the +10 halberd "Joaq Quu" (weapon) {holy, rElec rPois rN+ Dex-4}
   (You found it on level 7 of the Dungeon)

   It has been blessed by the Shining One to cause great damage to the undead
   and demons.
   Dex:       It affects your dexterity (-4).
   rElec:     It insulates you from electricity.
   rPois:     It protects you from poison.
   rN:        It protects you from negative energy.
 s - a +0 eveningstar
Armour
 a - a +0 robe (worn)
 j - a +0 pair of gloves (worn)
Magical Staves
 u - a staff of fire
Jewellery
 f - a ring of wizardry (left hand)
Wands
 b - a wand of flame (8) (quivered)
 m - a wand of paralysis (8)
Scrolls
 g - a scroll of magic mapping {unknown}
 l - a scroll of poison {unknown}
 p - 3 scrolls of identify
 q - a scroll of noise {unknown}
 v - 2 scrolls of enchant weapon {unknown}
Potions
 c - a potion of brilliance
 d - 3 potions of curing
 e - 2 potions of degeneration {unknown}
 h - 2 potions of might {unknown}
 i - 2 potions of ambrosia {unknown}
 k - 5 potions of lignification {unknown}
 o - a potion of berserk rage {unknown}
 r - a potion of flight {unknown}
 t - a potion of haste {unknown}
 w - a potion of magic
 x - a potion of mutation {unknown}
 z - a potion of resistance {unknown}


   Skills:
 - Level 4.0 Fighting
 - Level 3.2 Polearms
 - Level 5.1 Dodging
 - Level 1.4 Stealth
 - Level 9.9 Spellcasting
 - Level 7.9 Conjurations
 - Level 9.9 Fire Magic
 + Level 2.5 Evocations


You had 18 spell levels left.
You knew the following spells:

 Your Spells              Type           Power      Damage    Failure   Level
a - Foxfire               Conj/Fire      100%       2x1d9     1%          1
b - Scorch                Fire           100%       2d10      1%          2
c - Flame Wave            Conj/Fire      48%        2d12      1%          4
d - Vampiric Draining     Necr           10%        2d6       9%          3

Your spell library contained the following spells:

 Spells                   Type           Power      Damage    Failure   Level
 Static Discharge         Conj/Air       27%        3-7/arc   1%          2
 Conjure Flame            Conj/Fire      48%        6-21      1%          3
 Dazzling Flash           Conj/Hex       54%        N/A       1%          3
 Inner Flame              Hex/Fire       31%        N/A       1%          3
 Slow                     Hex            40%        N/A       2%          1
 Confusing Touch          Hex            10%        N/A       9%          3
 Agony                    Necr           10%        N/A       56%         5
 Silence                  Hex/Air        5%         N/A       56%         5


Dungeon Overview and Level Annotations

Branches:
Dungeon (9/15) Zot: 3016   Temple (1/1) D:4 Zot: 582
   Lair: D:8-11         Orc: D:9-12

Altars:
Ashenzari
Cheibriados
Dithmenos
Elyvilon
Fedhas
Gozag
Hepliaklqana
Makhleb
Okawaru
Sif Muna
Uskayaw
Vehumet
Xom
Yredelemnul
Zin
The Shining One

Shops:
D:4 :


Innate Abilities, Weirdness & Mutations

You passively map the area around you.
You are easily found by Zot.
You glow in the dark.
You regain HP and MP as you explore.


Message History

Press: ? - help, Dir - look around, f - activate A wave of flame ripples out!
The flame wave engulfs the acid dragon!
The acid dragon is severely wounded. (Press . to intensify the flame waves.)
You hear a shout! x3
The acid dragon spits acid at you. The splash of acid hits you!!
A wave of flame ripples out!
The flame wave engulfs the acid dragon!
You kill the acid dragon!
Vehumet accepts your kill.
The flame wave engulfs the yak!
The yak is moderately wounded.
You hear a bellow!
You hear a shout! x3
Your Evocations skill increases to level 1!
A wave of flame ripples out!
The flame wave engulfs the yak!
The yak is severely wounded.
You finish channelling waves of flame.
A yak comes into view.
The yak gores you!
* * * LOW HITPOINT WARNING * * *
Unknown command.
You feel better. The yak closely misses you.
Casting: Flame Wave (mildly dangerous; 1% risk of failure)
Confirm with . or Enter, or press ? or * to list all spells.
Flames lash the yak.
The yak is almost dead.
The yak's fire resistance burns away.
A yak comes into view.
The yak gores you!
* * * LOW HITPOINT WARNING * * *
Casting: Scorch (safe; 1% risk of failure)
Confirm with . or Enter, or press ? or * to list all spells.
Flames lash the yak.
The yak is burned terribly!
You kill the yak!
Vehumet accepts your kill.
Vehumet offers you knowledge of Static Discharge.
Your Evocations skill increases to level 2!
Okay, then.
The yak attacks as you move away! The yak gores you!
You die...

, , .. , ,* ** , ,,
, ., . ,,, , , ,..
#. ,, ### ** , ,
...#.#* .. , , ,
,,, ,......# , .# *
, , ..., #...Y###.#
* , , , ,, .o.. *
#..†...##** , ,
,o..##
#..Y...#.##., , *,
*#...#####.@.......
,, # ,,
#.........##.##...
,, ## #)..#.>.†##
#* , , .#
#...#.)...## *, ,,
.########.).))).[.#
*, ,
...≈≈≈.....##.#...#
*, ,
.########...####..#
* ,,, ,
....#.####..##
....# , ,
##.....#.#...#
...... , , ,


You could see 2 yaks.

Vanquished Creatures
  A two-headed ogre (D:8)
  Sigmund (D:5)
  A wyvern (D:9)
  2 yaks (D:9)
  Menkaure (D:7)
  An acid dragon (D:9)
  3 water moccasins
  An ice beast (D:6)
  4 black bears
  An orc warrior (D:9)
  A sky beast (D:7)
  A centaur (D:9)
  3 kobold brigands
  A necrophage (D:5)
  5 bullfrogs
  2 gnoll sergeants (D:8)
  3 scorpions
  3 wights (D:9)
  A howler monkey (D:7)
  A jelly (D:5)
  2 hounds
  An orc priest (D:9)
  10 orc wizards
  8 gnolls (D:8)
  2 adders
  A shadow imp (D:6)
  A white imp (D:7)
  14 orcs
  A ball python (D:4)
  A giant cockroach (D:4)
  2 goblins
  2 hobgoblins (D:4)
  3 jackals (D:4)
  5 quokkas
  2 bats
  18 kobolds
  2 rats (D:1)
112 creatures vanquished.

Vanquished Creatures (others)
  139 foxfires
139 creatures vanquished.

Grand Total: 251 creatures vanquished

Notes
Turn   | Place    | Note
-------+----------+-------------------------------------------
     0 | D:1      | hawla the Meteoran Fire Elementalist began the quest for
                  | the Orb.
     0 | D:1      | Reached XP level 1. HP: 14/14 MP: 5/5
    20 | D:1      | Found a faded altar of an unknown god.
   122 | D:1      | Reached XP level 2. HP: 20/20 MP: 3/6
   130 | D:1      | Learned a level 2 spell: Scorch
   233 | D:4      | Noticed a hound
   236 | D:4      | Killed a hound
   237 | D:4      | Reached XP level 3. HP: 24/26 MP: 2/8
   237 | D:4      | Reached XP level 4. HP: 31/33 MP: 2/10
   237 | D:4      | Noticed a scorpion
   246 | D:4      | Killed a scorpion
   247 | D:4      | Reached skill level 5 in Fire Magic
   247 | D:4      | Reached XP level 5. HP: 31/38 MP: 5/11
   252 | D:4      | Learned a level 4 spell: Flame Wave
   346 | D:4      | Reached XP level 6. HP: 41/45 MP: 5/12
   349 | D:4      | Found Socsiel's Vocational Training.
   383 | D:4      | Found a staircase to the Ecumenical Temple.
   406 | Temple   | Entered the Ecumenical Temple
   415 | Temple   | Became a worshipper of Vehumet
   431 | D:5      | Entered Level 5 of the Dungeon
   431 | D:5      | Noticed a black bear
   433 | D:5      | Noticed Sigmund
   435 | D:5      | Killed a black bear
   436 | D:5      | Reached skill level 5 in Conjurations
   445 | D:5      | Reached XP level 7. HP: 37/50 MP: 1/14
   675 | D:5      | Killed Sigmund
   676 | D:5      | Reached skill level 5 in Spellcasting
   676 | D:5      | Reached XP level 8. HP: 58/58 MP: 8/16
   703 | D:6      | Reached skill level 1 in Fighting
   708 | D:6      | Reached * piety under Vehumet
   708 | D:6      | Offered knowledge of Freeze by Vehumet.
   782 | D:6      | Gained mutation: You passively map the area around you.
                  | [Meteoran growth]
   782 | D:6      | Reached XP level 9. HP: 28/64 MP: 10/20
   842 | D:7      | Found a basalt altar of Yredelemnul.
   842 | D:7      | Found a shadowy altar of Dithmenos.
  1355 | D:7      | Noticed Menkaure
  1361 | D:7      | Killed Menkaure
  1473 | D:7      | Identified the +10 halberd "Joaq Quu" {holy, rElec rPois
                  | rN+ Dex-4}
  1661 | D:8      | Reached ** piety under Vehumet
  1661 | D:8      | Offered knowledge of Magic Dart by Vehumet.
  1760 | D:8      | Reached XP level 10. HP: 64/74 MP: 13/23
  1827 | D:8      | Noticed a two-headed ogre
  1835 | D:8      | Killed a two-headed ogre
  1836 | D:8      | Reached skill level 5 in Dodging
  2042 | D:8      | Found a shimmering blue altar of Sif Muna.
  2057 | D:8      | Reached skill level 1 in Polearms
  2068 | D:8      | Found a glowing golden altar of the Shining One.
  2071 | D:8      | Found an opulent altar of Gozag.
  2075 | D:8      | Found a hazy altar of Hepliaklqana.
  2082 | D:8      | Found a blossoming altar of Fedhas.
  2233 | D:8      | Found a burning altar of Makhleb.
  2379 | D:9      | Learned a level 3 spell: Vampiric Draining
  2386 | D:9      | Reached skill level 1 in Evocations
  2389 | D:9      | Offered knowledge of Static Discharge by Vehumet.
  2392 | D:9      | Slain by a yak

Illustrated notes

Levels and vault maps discovered:
D:1:      ncdulo_watergridlock, layout_rooms,
          hellmonk_ecumenical_altar_crossroads, minmay_tall_x
D:2:      layout_rooms, minmay_tetromino_t2
D:3:      layout_loops_ring, kennysheep_generic_room_7
D:4:      layout_rooms, temple_fountains, nicolae_shop_vocational
D:5:      layout_basic, uniq_sigmund
D:6:      layout_loops_ring, kennysheep_opposing_triangles
D:7:      layout_basic, jmf_multi_god_temple, uniq_menkaure
D:8:      layout_loops_ring, mainiacjoe_overflow_alcove_4,
          nicolae_overflow_hallway_of_the_gods
D:9:      layout_cave_pools, corexii_corridor_pit, minivault_10,
          pf_guarded_unrand_meek
Temple:   nicolae_temple_bog_church

Skill      XL: |  1  2  3  4  5  6  7  8  9 10 |
---------------+-------------------------------+-----
Fire Magic     | 4 5 6 7 8 9 |  9.9
Spellcasting   | 3 4 5 6 8 9 |  9.9
Conjurations   | 2 3 5 6 7 |  7.9
Dodging        | 3 4 5 |  5.1
Fighting       | 1 2 4 |  4.0
Polearms       | 3 |  3.2
Evocations     | 2 |  2.5
Stealth        | |  1.4

Action                   |  1- 3 |  4- 6 |  7- 9 | 10-12 || total
-------------------------+-------+-------+-------+-------++-------
Melee: Unarmed           |     3 |     3 |     7 |       ||    13
       Halberd           |       |       |     2 |    25 ||    27
 Cast: Foxfire           |    20 |    26 |    29 |     6 ||    81
       Scorch            |     1 |     7 |    21 |    18 ||    47
       Flame Wave        |       |     1 |    15 |     4 ||    20
  Use: Potion            |       |     2 |     1 |     2 ||     5
       Scroll            |       |       |     4 |       ||     4
Armor: Robe              |     1 |    11 |     5 |     8 ||    25
Dodge: Dodged            |     5 |    31 |    27 |    22 ||    85
